 Dungeon Crawl Stone Soup version 0.32-a0-42-ga30500b4d3 (webtiles) character file.

Game seed: 3382574114292468883

30001 cforsyth the Warrior (level 13, -12/87 (110) HPs)
             Began as a Djinni Reaver on Jan 28, 2024.
             Was a Follower of Yredelemnul.
             Mangled by a komodo dragon (29 damage)
             ... on level 3 of the Lair of Beasts.
             The game lasted 00:38:19 (20608 turns).

cforsyth the Warrior (Djinni Reaver)               Turns: 20608, Time: 00:38:20

HP:   -12/87 (110)  AC: 10    Str: 11    XL:     13   Next: 85%
Gold: 849           EV: 11    Int: 18    God:    Yredelemnul [*.....] SH:  0 Dex: 14

rFire   + + .        D - +4 falchion (freeze)
rCold   . . .        (no shield)
rNeg    . . .        N - +0 acid dragon scales
rPois   ∞            z - +1 hat
rElec   .            j - +1 cloak
rCorr   +            u - +0 pair of gloves
SInv    .            (boots unavailable)
Will    +....        (no amulet)
Stlth   +            H - +4 ring of slaying
HPRegen 0.34/turn    P - ring of protection from cold
MPRegen 0.00/turn

%: infuse magic (-13 HP)
@: flying, heavily drained
A: sickness immunity, fire resistance 2, cold vulnerability 1, float, innate
caster, HP casting, extra vitality 1
a: Renounce Religion, Recall Undead Harvest


You were on level 3 of the Lair of Beasts.
You worshipped Yredelemnul.
Yredelemnul was noncommittal.
You visited 3 branches of the dungeon, and saw 17 of its levels.

You collected 849 gold pieces.

Inventory:

Hand Weapons
 w - a +0 short sword of venom
 y - a +0 short sword
 D - a +4 falchion of freezing (weapon)
Missiles
 A - a throwing net
Armour
 b - a +0 leather armour
 j - a +1 cloak (worn)
 u - a +0 pair of gloves (worn)
 z - a +1 hat (worn)
 N - +0 acid dragon scales (worn)
Jewellery
 C - a ring of resist corrosion
 F - a ring of positive energy
 H - a +4 ring of slaying (left hand)
 P - a ring of protection from cold (right hand)
Wands
 a - a wand of iceblast (42)
 n - a wand of flame (8)
 p - a wand of charming (16)
 E - a wand of polymorph (9)
 L - a wand of mindburst (19)
Scrolls
 c - 5 scrolls of teleportation
 d - 2 scrolls of amnesia {unknown}
 e - 3 scrolls of enchant armour
 f - a scroll of poison
 i - 3 scrolls of enchant weapon {unknown}
 k - a scroll of fear {unknown}
 l - a scroll of revelation {unknown}
 m - a scroll of fog {unknown}
 t - 3 scrolls of noise {unknown}
 x - 3 scrolls of immolation {unknown}
 B - a scroll of acquirement {unknown}
 G - a scroll of blinking {unknown}
 K - a scroll of torment {unknown}
 M - 2 scrolls of vulnerability {unknown}
 Q - a scroll of brand weapon {unknown}
 T - a scroll of identify
Potions
 g - 5 potions of lignification
 h - 3 potions of enlightenment
 o - a potion of heal wounds
 q - 8 potions of curing
 r - a potion of berserk rage
 s - a potion of attraction
 v - a potion of mutation
 I - 3 potions of might
 J - 2 potions of resistance
 O - 2 potions of brilliance
 R - a potion of haste
 S - a potion of cancellation


   Skills:
 + Level 16.2 Fighting
 - Level 3.0 Short Blades
 - Level 2.6 Dodging
 + Level 12.6 Spellcasting
 + Level 12.6 Conjurations
 + Level 12.6 Hexes
 + Level 12.6 Summonings
 + Level 12.6 Necromancy
 + Level 12.6 Translocations
 + Level 12.6 Fire Magic
 + Level 12.6 Ice Magic
 + Level 12.6 Air Magic
 + Level 12.6 Earth Magic
 + Level 12.6 Alchemy


You knew the following spells:

 Your Spells              Type           Power      Damage    Failure   Level
a - Kiss of Death         Conj/Necr      100%       2d13      1%          1
b - Momentum Strike       Conj/Tloc      100%       3d10      1%          2
c - Hailstorm             Conj/Ice       54%        3d11      1%          3
d - Shock                 Conj/Air       100%       1d9       1%          1
e - Call Imp              Summ           100%       N/A       1%          2
f - Gell's Gravitas       Tloc           54%        N/A       1%          3
g - Tukima's Dance        Hex            54%        N/A       1%          3
h - Olgreb's Toxic Radia  Alch           54%        N/A       1%          4
i - Metabolic Englaciati  Hex/Ice        27%        N/A       1%          5
Your spell library was empty.

Dungeon Overview and Level Annotations

Branches:
Dungeon (13/15)            Temple (1/1) D:4            Lair (3/5) D:8
  Swamp (0/4) Lair:2          Orc (0/2) D:11
  Snake: Lair:2-3    Spider: Lair:2-3    Vaults: D:13-14

Altars:
Ashenzari
Cheibriados
Dithmenos
Elyvilon
Fedhas
Gozag
Hepliaklqana
Makhleb
Nemelex Xobeh
Okawaru
Qazlal
Ru
Trog
Uskayaw
Wu Jian
Xom
Yredelemnul
Zin
The Shining One

Shops:
D:9 =   D:11 [   D:13 (


Innate Abilities, Weirdness & Mutations

You are immune to sickness and miasma.
You are immune to poison.
Your flesh is very heat resistant. (rF++)
You are vulnerable to cold. (rC-)
You float through the air rather than walking.
You learn spells naturally, not from books.
Your magical power is your life essence.
You have superior vitality. (+4 MHP)


Message History

You kill the yak!
The yak looks even sicker.
The cane toad attacks as it pursues you!
The cane toad stings you!
* * * LOW HITPOINT WARNING * * *
Your cane toad zombie hits the yak!
The yak dies!
As you read the scroll of teleportation, it crumbles to dust.
You feel strangely unstable.
The yak looks even sicker.
The yak looks as sick as possible!
Your toxic aura wanes.
The cane toad stings you but does no damage.
The yak barely misses your cane toad zombie.
A yak comes into view.
The cane toad attacks as it pursues you!
The cane toad stings you but does no damage.
The cane toad barely misses you.
Your surroundings suddenly seem different.
A komodo dragon comes into view.
Found 3 javelins.
You feel a bit more experienced.
You see here 3 javelins.
Casting: Olgreb's Toxic Radiance (mildly dangerous; 1% risk of failure)
Confirm with . or Enter, or press ? or * to list all spells.
You begin to radiate toxic energy.
The komodo dragon is poisoned.
* * * LOW HITPOINT WARNING * * *
The komodo dragon looks even sicker.
The komodo dragon closely misses you.
Casting: Olgreb's Toxic Radiance (mildly dangerous; 1% risk of failure)
Confirm with . or Enter, or press ? or * to list all spells.
Casting: Metabolic Englaciation (dangerous; 1% risk of failure)
Press: ? - help, Dir - look around, f - activate You radiate an aura of cold.
The komodo dragon seems to slow down.
* * * LOW HITPOINT WARNING * * *
The komodo dragon looks even sicker.
The komodo dragon bites you but does no damage.
Found a scroll labelled YTHEYL TOTUGYPT.
Your toxic aura wanes.
The komodo dragon attacks as it pursues you!
The komodo dragon bites you!!
You die...
Your body becomes fuel for the black torch.

### ...#
#..##..P
......#
.....#
##...# .
#....#
..?##...(#
.......l.#
.......@.#
..#.#.#...#
# ##....#
##...#
...P# P..##
...# ....#


You could see a komodo dragon (very poisoned, slow).

Vanquished Creatures
  Kirke (D:12)
  A two-headed ogre (D:11)
  3 death yaks (Lair:2)
  A skyshark (Lair:2)
  A deep elf pyromancer (D:12)
  3 manticores (D:12)
  An ugly thing (D:12)
  Maurice (D:7)
  A black mamba (Lair:2)
  7 cane toads
  3 komodo dragons
  A kobold demonologist (D:10)
  2 polar bears
  2 trolls
  A hornet (D:11)
  6 blink frogs
  2 shadows
  20 yaks
  A wraith (D:9)
  5 wyverns
  2 hogs (D:12)
  3 basilisks
  3 steam dragons
  5 water moccasins
  3 acid dragons
  A sky beast (D:7)
  An ice beast (D:8)
  6 centaurs
  2 ogres (D:4)
  5 wolves (D:8)
  4 kobold brigands
  3 bullfrogs (Lair:1)
  2 gnoll sergeants
  4 scorpions
  3 wights (D:7)
  4 killer bees (D:10)
  3 electric eels (D:8)
  2 howler monkeys
  A jelly (D:5)
  A gnoll bouda (D:5)
  7 hounds
  3 sleepcaps
  2 orc wizards
  4 iguanas
  15 gnolls
  8 adders
  2 white imps
  3 ufetubi
  A dart slug (D:2)
  2 ribbon worms
  12 orcs
  7 endoplasms
  3 giant cockroaches
  5 goblins
  5 hobgoblins
  7 jackals
  23 kobolds
  5 quokkas
  6 ball pythons
  4 bats
  3 frilled lizards
  2 rats
250 creatures vanquished.

Vanquished Creatures (collateral kills)
  An eleionoma (Lair:2)
  2 two-headed ogres (D:12)
  2 death yaks (Lair:2)
  A deep elf pyromancer (D:12)
  A black mamba (Lair:1)
  4 cane toads
  A komodo dragon (Lair:1)
  A troll (D:12)
  8 blink frogs (Lair:1)
  13 yaks
  A human (D:12)
  A basilisk (Lair:1)
  3 water moccasins
  2 sky beasts
  An ogre (D:5)
  3 bullfrogs
  2 wights (D:8)
  2 killer bees (D:10)
  A gnoll (D:8)
  An adder (D:4)
  An ufetubus (D:5)
52 creatures vanquished.

Vanquished Creatures (others)
  A human zombie (D:12)
  5 dancing weapons
  2 black mamba zombies
  A human (D:12)
  3 cane toad zombies
  2 blink frog zombies (Lair:1)
  A hog zombie (D:12)
  2 wyvern zombies
  2 water moccasin zombies
  4 yak zombies
  A wolf zombie (D:8)
  A centaur zombie (D:11)
  2 killer bee zombies (D:10)
  An ice beast zombie (D:8)
  2 hound zombies (D:8)
  A gnoll (D:12)
  2 steam dragon zombies
  An iguana zombie (D:7)
  An adder zombie (D:6)
  4 gnoll zombies
  A jackal zombie (D:4)
  4 kobold zombies (D:10)
  2 orc zombies (D:8)
  2 spectral ufetubi (D:5)
48 creatures vanquished.

Grand Total: 350 creatures vanquished

Notes
Turn   | Place    | Note
-------+----------+-------------------------------------------
     0 | D:1      | cforsyth the Djinni Reaver began the quest for the Orb.
     0 | D:1      | cforsyth set off with the following spells memorised: Kiss
                  | of Death, Momentum Strike, Hailstorm.
     0 | D:1      | Reached XP level 1. HP: 18/18 MP: 0/0
   228 | D:1      | Reached XP level 2. HP: 23/23 MP: 0/0
  1174 | D:2      | Reached XP level 3. HP: 22/27 MP: 0/0
  1174 | D:2      | Learned a level 1 spell: Shock
  1979 | D:3      | Reached XP level 4. HP: 23/34 MP: 0/0
  2103 | D:3      | Noticed a water moccasin
  2112 | D:3      | Killed a water moccasin
  2113 | D:3      | Reached skill level 3 in Fighting
  2113 | D:3      | Reached XP level 5. HP: 24/41 MP: 0/0
  2113 | D:3      | Learned a level 2 spell: Call Imp
  2441 | D:4      | Reached skill level 4 in Fighting
  2441 | D:4      | Reached XP level 6. HP: 38/47 MP: 0/0
  2755 | D:4      | Found a staircase to the Ecumenical Temple.
  2756 | D:4      | Noticed an ogre
  2761 | D:4      | Killed an ogre
  2771 | D:4      | Reached XP level 7. HP: 16/51 MP: 0/0
  2771 | D:4      | Learned a level 3 spell: Gell's Gravitas
  2780 | D:4      | Reached skill level 5 in Fighting
  2786 | Temple   | Entered the Ecumenical Temple
  2795 | Temple   | Became a worshipper of Yredelemnul the Dark
  3083 | D:4      | Reached * piety under Yredelemnul
  3694 | D:5      | Entered Level 5 of the Dungeon
  3709 | D:5      | Reached skill level 5 in Spellcasting
  3709 | D:5      | Reached skill level 5 in Conjurations
  3709 | D:5      | Reached skill level 5 in Hexes
  3709 | D:5      | Reached skill level 5 in Summonings
  3709 | D:5      | Reached skill level 5 in Necromancy
  3709 | D:5      | Reached skill level 5 in Translocations
  3709 | D:5      | Reached skill level 5 in Fire Magic
  3709 | D:5      | Reached skill level 5 in Ice Magic
  3709 | D:5      | Reached skill level 5 in Air Magic
  3709 | D:5      | Reached skill level 5 in Earth Magic
  3709 | D:5      | Reached skill level 5 in Alchemy
  3778 | D:5      | Reached skill level 6 in Fighting
  3778 | D:5      | Reached XP level 8. HP: 58/61 MP: 0/0
  3803 | D:5      | Reached ** piety under Yredelemnul
  4115 | D:5      | Reached *** piety under Yredelemnul
  4609 | D:6      | Reached skill level 7 in Fighting
  4991 | D:6      | You are sucked into a shaft and drop 3 floors!
  5090 | D:9      | Noticed a yak
  5090 | D:9      | Noticed a yak
  5091 | D:9      | Noticed a yak
  5252 | D:7      | Reached XP level 9. HP: 52/64 MP: 0/0
  5252 | D:7      | Learned a level 3 spell: Tukima's Dance
  5530 | D:7      | Reached skill level 8 in Fighting
  5585 | D:7      | Noticed Maurice
  5591 | D:7      | Something stole a +0 short sword
  5592 | D:7      | Something stole 308 gold
  5595 | D:7      | HP: 1/70 [something/iceblast (16)]
  5831 | D:7      | Killed Maurice
  6468 | D:8      | Noticed a troll
  6474 | D:8      | Killed a troll
  6475 | D:8      | Reached skill level 9 in Fighting
  6623 | D:8      | Reached XP level 10. HP: 13/78 MP: 0/0
  7385 | D:7      | Reached skill level 10 in Fighting
  7965 | D:8      | Found a staircase to the Lair.
  8955 | D:8      | Found a staircase to the Lair.
 10643 | D:9      | Found a blossoming altar of Fedhas.
 10659 | D:9      | Reached skill level 11 in Fighting
 10798 | D:9      | Found a sparkling altar of Nemelex Xobeh.
 10829 | D:9      | Found Xitaokem's Jewellery Boutique.
 11032 | D:10     | Entered Level 10 of the Dungeon
 11790 | D:10     | Noticed a kobold demonologist
 11799 | D:10     | Killed a kobold demonologist
 11800 | D:10     | Reached XP level 11. HP: 78/87 MP: 0/0
 11800 | D:10     | Learned a level 4 spell: Olgreb's Toxic Radiance
 11923 | D:10     | Reached **** piety under Yredelemnul
 11926 | D:10     | Reached ***** piety under Yredelemnul
 12126 | D:10     | Reached skill level 12 in Fighting
 12764 | D:11     | Noticed a two-headed ogre
 12991 | D:11     | Killed a two-headed ogre
 13309 | D:11     | Found a staircase to the Orcish Mines.
 13534 | D:11     | Found Buxecs's Antique Armour Emporium.
 13707 | D:12     | Noticed a manticore
 13707 | D:12     | Noticed Kirke
 13709 | D:12     | Noticed a deep elf pyromancer
 13759 | D:12     | Noticed a manticore
 13759 | D:12     | Killed a manticore
 13760 | D:12     | Reached skill level 10 in Spellcasting
 13760 | D:12     | Reached skill level 10 in Conjurations
 13760 | D:12     | Reached skill level 10 in Hexes
 13760 | D:12     | Reached skill level 10 in Summonings
 13760 | D:12     | Reached skill level 10 in Necromancy
 13760 | D:12     | Reached skill level 10 in Translocations
 13760 | D:12     | Reached skill level 10 in Fire Magic
 13760 | D:12     | Reached skill level 10 in Ice Magic
 13760 | D:12     | Reached skill level 10 in Air Magic
 13760 | D:12     | Reached skill level 10 in Earth Magic
 13760 | D:12     | Reached skill level 10 in Alchemy
 13763 | D:12     | Noticed a manticore
 13763 | D:12     | Killed Kirke
 13763 | D:12     | Killed a deep elf pyromancer
 13764 | D:12     | Reached skill level 13 in Fighting
 13877 | D:12     | Noticed a two-headed ogre
 13887 | D:12     | Killed a two-headed ogre
 13888 | D:12     | Reached XP level 12. HP: 68/98 MP: 0/0
 14311 | D:12     | Your ally Kirke died
 14372 | D:12     | Noticed a two-headed ogre
 14379 | D:12     | Killed a two-headed ogre
 14920 | D:12     | HP: 3/99 [manticore (7)]
 15611 | D:13     | Found Naugaoco's Antique Weapon Shop.
 15750 | Lair:1   | Entered Level 1 of the Lair of Beasts
 15844 | Lair:1   | Reached skill level 14 in Fighting
 15854 | Lair:1   | HP: 2/95 [blink frog (6)]
 17272 | Lair:1   | Reached XP level 13. HP: 92/106 MP: 0/0
 17272 | Lair:1   | Learned a level 5 spell: Metabolic Englaciation
 17368 | Lair:1   | Reached skill level 15 in Fighting
 19385 | Lair:2   | Noticed an eleionoma
 19389 | Lair:2   | Reached skill level 16 in Fighting
 19392 | Lair:2   | Killed an eleionoma
 19477 | Lair:2   | Found a staircase to the Swamp.
 20608 | Lair:3   | Mangled by a komodo dragon

Illustrated notes

Levels and vault maps discovered:
D:1:      psy_arrival_fountain, layout_basic, dreamdust_mushroom_princess
D:2:      layout_basic
D:3:      layout_basic
D:4:      layout_cave_pods, minmay_temple_entry_glass, minmay_door_square
D:5:      layout_loops_ring
D:6:      layout_loops_ring
D:7:      layout_basic, uniq_maurice
D:8:      layout_loops_ring, erik_lair_island, nicolae_benzene_ring
D:9:      layout_layer_cave, minmay_overflow_temple_star_quad, dk_vineyard_1,
          minmay_shop_enchanted_jewellery, nicolae_twisty_statue_hallways
D:10:     layout_basic
D:11:     layout_loops_ring, orc_0_dummy, serial_shops, shop
D:12:     layout_roguey, uniq_kirke
D:13:     layout_loops_cross, david_vaults_4, serial_shops, shop, shop, shop,
          shop, shop
Temple:   compressed_dpeg_triangle_lava_temple
Lair:1:   layout_layer_cave, grunt_megastairs_1, infiniplex_staircase_pool
Lair:2:   layout_layer_cave, alex1729_swamp_entry_worm_eleionoma, serial_rivers,
          chequers_serial_rivers_large_b, chequers_serial_rivers_small_b,
          chequers_serial_rivers_micro_c, chequers_serial_rivers_marsh,
          chequers_serial_rivers_large_a, chequers_serial_rivers_micro_c,
          serial_bayou_pond_b
Lair:3:   layout_long_grid, spider_nest_entry_rubble, basic_altar

Skill      XL: |  1  2  3  4  5  6  7  8  9 10 11 12 13 |
---------------+----------------------------------------+-----
Spellcasting   | 3 4 5 6 7 9 10 11 12 | 12.6
Conjurations   | 3 4 5 6 7 9 10 11 12 | 12.6
Hexes          | 3 4 5 6 7 9 10 11 12 | 12.6
Summonings     | 3 4 5 6 7 9 10 11 12 | 12.6
Necromancy     | 3 4 5 6 7 9 10 11 12 | 12.6
Translocations | 3 4 5 6 7 9 10 11 12 | 12.6
Fire Magic     | 3 4 5 6 7 9 10 11 12 | 12.6
Ice Magic      | 3 4 5 6 7 9 10 11 12 | 12.6
Air Magic      | 3 4 5 6 7 9 10 11 12 | 12.6
Earth Magic    | 3 4 5 6 7 9 10 11 12 | 12.6
Alchemy        | 3 4 5 6 7 9 10 11 12 | 12.6
Short Blades   | 3 |  3.0
Fighting       | 3 4 6 7 9 11 13 14 16 | 16.2
Dodging        | |  2.6

Action                     |  1- 3 |  4- 6 |  7- 9 | 10-12 | 13-15 || total
---------------------------+-------+-------+-------+-------+-------++-------
  Melee: Short sword       |    91 |     4 |    56 |   123 |       ||   274
         Punch             |     3 |       |       |     2 |     1 ||     6
         Falchion          |       |       |       |   157 |    43 ||   200
   Cast: Kiss of Death     |     1 |     2 |     3 |     1 |     2 ||     9
         Shock             |    43 |    68 |   169 |   124 |       ||   404
         Momentum Strike   |       |     3 |    22 |    17 |    16 ||    58
         Call Imp          |       |     2 |     1 |    20 |     5 ||    28
         Tukima's Dance    |       |       |     4 |    30 |       ||    34
         Gell's Gravitas   |       |       |       |     3 |       ||     3
         Olgreb's Toxic Ra |       |       |       |    65 |    40 ||   105
         Metabolic Englaci |       |       |       |       |    29 ||    29
  Evoke: Wand              |       |       |       |     7 |       ||     7
    Use: Scroll            |       |     5 |       |    11 |     2 ||    18
         Potion            |       |       |       |     1 |       ||     1
   Stab: Distracted        |       |       |     2 |     3 |     1 ||     6
 Armour: Leather armour    |    40 |    19 |    91 |   122 |       ||   272
         Acid dragon scale |       |       |       |   202 |    53 ||   255
  Dodge: Dodged            |    58 |    24 |    68 |   220 |    29 ||   399

Table legend: (Time is in decaauts)
 A = Elapsed time spent in this place.
 B = Non-inter-level travel time spent in this place.
 C = Inter-level travel time spent in this place.
 D = Time resting spent in this place.
 E = Time spent auto-exploring this place.
 F = Levels seen in this place.
 G = Mean time per level.
                   A        B        C        D        E       F      G
               +--------+--------+--------+--------+--------+-----+--------+
         Total |  20632 |  20019 |    613 |   1900 |  15550 |  17 | 1213.6 |
       Dungeon |  16068 |  15525 |    543 |   1842 |  11644 |  13 | 1236.0 |
        Temple |     18 |      9 |      9 |      0 |      0 |   1 |   18.0 |
          Lair |   4544 |   4483 |     61 |     58 |   3906 |   3 | 1514.7 |
               +--------+--------+--------+--------+--------+-----+--------+

Top non-repeatable levels by time:
     D:8: 2855 daAuts
  Lair:1: 2183 daAuts
    D:12: 1922 daAuts
     D:7: 1858 daAuts
  Lair:2: 1854 daAuts
    D:10: 1705 daAuts
     D:9: 1494 daAuts
     D:4: 1231 daAuts
    D:11: 994 daAuts
     D:1: 947 daAuts
     D:5: 810 daAuts
     D:2: 751 daAuts
     D:3: 731 daAuts
     D:6: 697 daAuts
  Lair:3: 506 daAuts
